 Dungeon Crawl Stone Soup version 0.29-a0-997-gf6f7e2dfe7 (webtiles) character file.

Game seed: 9901619504297236084

203 concernfroge the Trooper (level 5, -2/47 HPs)
             Began as a Mummy Monk on Aug 4, 2022.
             Slain by a gnoll
             ... wielding a +0 halberd
              (9 damage)
             ... on level 4 of the Dungeon.
             The game lasted 00:09:54 (2431 turns).

concernfroge the Trooper (Mummy Monk)               Turns: 2431, Time: 00:09:55

Health: -2/47      AC: 11    Str: 17    XL:     5   Next: 51%
Magic:  5/5        EV: 10    Int:  9    God:
Gold:   198        SH:  0    Dex: 14    Spells: 4/4 levels left

rFire   x . .      SeeInvis .   d - +4 glaive (venom)
rCold   + . .      Faith    .   (shield currently unavailable)
rNeg    + + +      Spirit   .   e - +0 scale mail
rPois   ∞          Reflect  .   r - +0 helmet
rElec   .          Harm     .   i - +2 cloak
rCorr   +          Rampage  .   (no gloves)
Will    .....                   f - +0 pair of boots
Stlth   ..........              k - amulet of the acrobat
HPRegen 0.15/turn               m - ring of resist corrosion
MPRegen 0.09/turn               (no ring)

@: no status effects
A: cold resistance 1, negative energy resistance 3, torment resistance 2, heat
vulnerability 1, in touch with death 1, no potions
a: no special abilities


You were on level 4 of the Dungeon.
You visited 1 branch of the dungeon, and saw 4 of its levels.

You collected 198 gold pieces.

Inventory:

Hand Weapons
 a - a +0 spear
 d - a +4 glaive of venom (weapon)
Missiles
 b - a javelin (quivered)
 g - a throwing net
Armour
 e - a +0 scale mail (worn)
 f - a +0 pair of boots (worn)
 h - an orb of light
 i - a +2 cloak (worn)
 r - a +0 helmet (worn)
Jewellery
 k - an amulet of the acrobat (around neck)
 m - a ring of resist corrosion (left hand)
Wands
 v - a wand of roots (9)
Scrolls
 c - a scroll of amnesia
 j - a scroll of fog {unknown}
 l - a scroll of fear
 n - a scroll of teleportation {unknown}
 o - a scroll of enchant armour {unknown}
 p - a scroll of vulnerability
 q - a scroll of immolation
 t - a scroll of brand weapon {unknown}


   Skills:
 + Level 6.3 Fighting
 - Level 2.4 Polearms
 - Level 2.4 Dodging
 - Level 1.5 Stealth


You had 4 spell levels left.
You didn't know any spells.
Your spell library contained the following spells:

 Spells                   Type           Power      Damage    Failure   Level
 Apportation              Tloc           0%         N/A       83%         1
 Gell's Gravitas          Tloc           0%         N/A       99%         3
 Inner Flame              Hex/Fire       0%         N/A       99%         3
 Lesser Beckoning         Tloc           0%         N/A       99%         3
 Teleport Other           Tloc           0%         N/A       99%         3
 Cause Fear               Hex            0%         N/A       100%        4
 Alistair's Intoxication  Tmut/Pois      0%         N/A       100%        5
 Summon Hydra             Summ           0%         N/A       100%        7
 Discord                  Hex            0%         N/A       100%        8
 Sublimation of Blood     Necr           Unusable   N/A       N/A         2
 Wereblood                Tmut           Unusable   N/A       N/A         2

Dungeon Overview and Level Annotations

Branches:
Dungeon (4/15)
 Temple: D:4-7

Altars:


Innate Abilities, Weirdness & Mutations

You are immune to poison.
Your flesh is cold resistant. (rC+)
You are immune to negative energy. (rN+++)
You are immune to unholy pain and torment.
You are vulnerable to heat. (rF-)
You are in touch with the powers of death.
You do not drink.


Message History

Aim: a gnoll, wielding a +0 halberd (65% to hit)
You throw a javelin. The javelin pierces through the gnoll.
The gnoll is lightly wounded.
The javelin completely misses the gnoll.
Throw: 2 javelins
Press: ? - help, Q - select action, (/) - cycle Shift-Dir - straight line, f/p - gnoll
Aim: a gnoll, wielding a +0 halberd (65% to hit)
You throw a javelin. The javelin pierces through the gnoll.
The gnoll is heavily wounded.
The javelin pierces through the gnoll but does no damage.
The gnoll closely misses you.
Reach: d) +4 glaive (venom)
Press: ? - help, Dir - move target, f - gnoll, p - gnoll
Aim: a gnoll, wielding a +0 spear (heavily wounded, about 35% to evade your +4 glaive of venom)
You reach to attack!
You slash the gnoll!
You kill the gnoll!
The gnoll closely misses you.
Reach: d) +4 glaive (venom)
Press: ? - help, Dir - move target, f - gnoll
Aim: a gnoll, wielding a +0 halberd (about 35% to evade your +4 glaive of venom)
You reach to attack!
You hit the gnoll.
The gnoll is poisoned.
The gnoll is lightly wounded.
The gnoll hits you from afar with a +0 halberd!
* * * LOW HITPOINT WARNING * * *
The gnoll closely misses you.
Reach: d) +4 glaive (venom)
Press: ? - help, Dir - move target, f/p - gnoll
Aim: a gnoll, wielding a +0 halberd (moderately wounded, very poisoned, about 35% to evade your +4 glaive of venom)
You reach to attack!
You closely miss the gnoll.
The gnoll is moderately wounded.
The gnoll closely misses you.
Reach: d) +4 glaive (venom)
Press: ? - help, Dir - move target, f/p - gnoll
Aim: a gnoll, wielding a +0 halberd (heavily wounded, very poisoned, about 35% to evade your +4 glaive of venom)
You reach to attack!
You closely miss the gnoll.
The gnoll is heavily wounded.
The gnoll hits you from afar with a +0 halberd.
* * * LOW HITPOINT WARNING * * *
The gnoll hits you from afar with a +0 halberd!
You die...

.# .# #.# #. ####### ##.# ...
###.### #..
.)..<.###..##......##..........
#####..........................
###..######## .......#.....
#..## ##... #..gg......#
#.#####...# #........#
######.#.....##########...####
.....)..........@.g....(.......
.........!#########.)...#######
.......##.########....###
.....####.......#....## ######
#######.....## #####.# #<# #.#
#..


You could see a gnoll (very poisoned).

Vanquished Creatures
  A hound (D:3)
  Terence (D:2)
  5 adders
  2 gnolls (D:4)
  A worm (D:3)
  A dart slug (D:3)
  2 orcs (D:4)
  4 ball pythons
  6 endoplasms
  2 giant cockroaches
  9 goblins
  9 hobgoblins
  7 jackals (D:2)
  3 bats
  7 frilled lizards
  7 kobolds
  7 rats
74 creatures vanquished.

Notes
Turn   | Place    | Note
-------+----------+-------------------------------------------
     0 | D:1      | concernfroge the Mummy Monk began the quest for the Orb.
     0 | D:1      | Reached XP level 1. HP: 18/18 MP: 1/1
    91 | D:1      | Reached XP level 2. HP: 8/24 MP: 2/2
   391 | D:1      | Reached skill level 4 in Fighting
   597 | D:1      | Gained mutation: You are in touch with the powers of death.
                  | [Mummy growth]
   597 | D:1      | Reached XP level 3. HP: 30/30 MP: 3/3
   926 | D:2      | Noticed Terence
   935 | D:2      | Identified a scroll of acquirement
  1100 | D:2      | Acquired a +3 glaive of venom
  1207 | D:2      | Killed Terence
  1208 | D:2      | Reached skill level 5 in Fighting
  1208 | D:2      | Reached XP level 4. HP: 14/39 MP: 4/4
  2196 | D:3      | Reached XP level 5. HP: 46/46 MP: 5/5
  2257 | D:3      | Reached skill level 6 in Fighting
  2431 | D:4      | Slain by a gnoll

Illustrated notes

Levels and vault maps discovered:
D:1:      spicycebolla_arrival_ecumenical, layout_rooms, minmay_tiny_reverse_x
D:2:      layout_rooms, minmay_tromino_v4_b, uniq_terence
D:3:      layout_rooms, elyvilon_altar_3, minmay_goblin_kobold_house
D:4:      layout_rooms, makhleb_heckhound_becter, portal_sewer_entry_e

Skill      XL: |  1  2  3  4  5 |
---------------+----------------+-----
Fighting       | 4 5 6 |  6.3
Polearms       | |  2.4
Dodging        | |  2.4
Stealth        | |  1.5

Action                   |  1- 3 |  4- 6 || total
-------------------------+-------+-------++-------
Melee: Spear             |   148 |       ||   148
       Glaive            |    10 |    81 ||    91
Throw: Javelin           |     7 |     2 ||     9
  Use: Scroll            |     4 |     5 ||     9
 Stab: Distracted        |     1 |       ||     1
Armor: Robe              |     3 |       ||     3
       Scale mail        |    37 |    40 ||    77
Dodge: Dodged            |    49 |    50 ||    99

Table legend: (Time is in decaauts)
 A = Elapsed time spent in this place.
 B = Non-inter-level travel time spent in this place.
 C = Inter-level travel time spent in this place.
 D = Time resting spent in this place.
 E = Time spent auto-exploring this place.
 F = Levels seen in this place.
 G = Mean time per level.
                   A        B        C        D        E       F      G
               +--------+--------+--------+--------+--------+-----+--------+
         Total |   2484 |   2287 |    197 |    140 |   1541 |   4 |  621.0 |
       Dungeon |   2484 |   2287 |    197 |    140 |   1541 |   4 |  621.0 |
               +--------+--------+--------+--------+--------+-----+--------+

Top non-repeatable levels by time:
     D:2: 910 daAuts
     D:1: 877 daAuts
     D:3: 608 daAuts
     D:4: 88 daAuts
